 Dungeon Crawl Stone Soup version 0.24.0-13-gcf9b319 (webtiles) character file.

Game seed: 6066199299042757706, levelgen mode: deterministic

4243 Fang the Fighter (level 10, -3/65 HPs)
             Began as a Gargoyle Berserker on Nov 26, 2019.
             Was an Elder of Trog.
             Slain by Erica
             ... wielding a +3 scimitar of flaming
              (18 damage)
             ... on level 8 of the Dungeon.
             The game lasted 00:06:42 (7615 turns).

Fang the Fighter (Gargoyle Berserker)               Turns: 7615, Time: 00:06:42

Health: -3/65      AC:  0    Str: 24    XL:     10   Next: 30%
Magic:  10/10      EV: 24    Int:  8    God:    Trog [****..]
Gold:   294        SH:  0    Dex: 14    Spells: 9/9 levels left

rFire    . . .     SeeInvis .   (weapon currently unavailable)
rCold    . . .     Gourm    .   (shield currently unavailable)
rNeg     + . .     Faith    .   (armour currently unavailable)
rPois    ∞         Spirit   .   (helmet currently unavailable)
rElec    .         Reflect  .   (cloak currently unavailable)
rCorr    .         Harm     .   (gloves currently unavailable)
MR       .....                  (boots currently unavailable)
Stlth    +.........             (no amulet)
HPRegen  0.20/turn              (ring currently unavailable)
MPRegen  0.12/turn              (ring currently unavailable)

@: confused, bat-form, berserk cooldown, flying, starving, slowed, quick
A: tiny, negative energy resistance 1, petrification resistance, rot immunity,
AC +7
a: Berserk, Trog's Hand, Brothers in Arms, Renounce Religion


You were on level 8 of the Dungeon.
You worshipped Trog.
Trog was greatly pleased with you.
You were starving.
You were in bat-form.
You visited 2 branches of the dungeon, and saw 9 of its levels.
You also visited: Ossuary and Bailey.

You collected 294 gold pieces.

Inventory:

Hand Weapons
 a - a +0 war axe (melded)
Armour
 b - a +0 plate armour (melded)
 m - a +2 cloak
 u - a scarf of spirit shield (melded)
 B - a +0 shield (melded)
Wands
 w - a wand of iceblast (11)
 y - a wand of disintegration (11)
 z - a wand of scattershot (4)
 C - a wand of digging (10)
 E - a wand of polymorph (6)
 I - a wand of acid (6)
Scrolls
 d - 2 scrolls of enchant weapon {unknown}
 f - 4 scrolls of teleportation {unknown}
 g - 3 scrolls of amnesia {unknown}
 h - 6 scrolls of blinking {unknown}
 j - 10 scrolls of identify {unknown}
 k - 5 scrolls of magic mapping {unknown}
 n - 5 scrolls of remove curse {unknown}
 p - 4 scrolls of fog {unknown}
 r - 3 scrolls of immolation {unknown}
 v - a scroll of enchant armour {unknown}
 D - a scroll of acquirement {unknown}
Potions
 e - a potion of berserk rage {unknown}
 i - 5 potions of flight {unknown}
 l - a potion of invisibility {unknown}
 o - 2 potions of degeneration {unknown}
 q - 3 potions of haste {unknown}
 s - 4 potions of heal wounds {unknown}
 t - 2 potions of cancellation {unknown}
 x - 4 potions of curing
 A - 3 potions of lignification {unknown}
 F - a potion of brilliance {unknown}
 G - a potion of might {unknown}
 H - 2 potions of magic {unknown}
Comestibles
 c - 9 rations


   Skills:
 + Level 8.5 Fighting
 + Level 7.1 Axes
 + Level 8.1 Armour
 + Level 6.2 Dodging
 + Level 3.4 Shields


You had 9 spell levels left.
You didn't know any spells.
Your spell library was empty.

Dungeon Overview and Level Annotations

Branches:
Dungeon (8/15)             Temple (1/1) D:5         Ossuary (visited)
 Bailey (visited)
   Lair: D:8-11

Altars:
Ashenzari
Cheibriados
Elyvilon
Fedhas
Gozag
Hepliaklqana
Kikubaaqudgha
Ru
Sif Muna
Trog
Uskayaw
Vehumet
Xom
Yredelemnul
Zin
The Shining One

Annotations:
D:8 Erica


Innate Abilities, Weirdness & Mutations

You are resistant to torment.
((Your stone body is resilient. (AC +7)))
You are immune to poison.
You resist negative energy. (rN+)
((You are resistant to electric shocks. (rElec)))
((You can survive without breathing.))
You are immune to petrification.
You are immune to rotting.


Message History

You barely miss something. Something hits you. Something burns you.
You hit something.
You hear some strange, mumbled words.
A bolt of poison appears from out of thin air!
The bolt of poison hits you but does no damage.
You resist. Something hits you! Something burns you.
You closely miss something.
You hear some strange, mumbled words.
A bolt of poison appears from out of thin air!
The bolt of poison misses you.
You hit something. Something hits you! Something burns you.
You completely miss something.
You hear some strange, mumbled words.
You are confused.
You're too confused to move!
Something hits you!
* * * LOW HITPOINT WARNING * * *
Something burns you.
* * * LOW HITPOINT WARNING * * *
You miss something. Something hits you!!
You die...

#.....#...#
#....####.#
#....####.#
#......##.#
#####.###.##.#
#.......#.##.# ###
#.###.#.#.##.# #..
#.......#.##.# #.#
#b...####.##.###.#
#....# #......#.#
#.....# #......#(#
......# #......#.#
##<....#
#......#(# #######
########.# ###)#
#.... #....


There were no monsters in sight!

Vanquished Creatures
  Grinder (D:6)
  2 hippogriffs
  A wraith (Ossuary)
  Duvessa (D:6)
  3 ogres
  An ice beast (D:7)
  3 sky beasts
  2 phantoms
  A necrophage (D:8)
  5 centaurs
  Blork the orc (D:5)
  A gnoll sergeant (D:6)
  2 bullfrogs (D:6)
  Dowan (D:6)
  A scorpion (D:6)
  5 killer bees (D:6)
  9 wights
  3 howler monkeys
  2 crimson imps (D:6)
  2 bullfrog zombies
  4 hounds
  2 orc priests
  Crazy Yiuf (D:3)
  2 bullfrog skeletons
  3 orc wizards
  6 worker ants
  A hound zombie (D:5)
  A mummy (Ossuary)
  A hound skeleton (D:7)
  3 howler monkey zombies
  11 gnolls
  A howler monkey skeleton (D:7)
  12 adders
  2 shadow imps
  3 oozes (D:1)
  2 adder zombies
  3 worms
  5 dart slugs
  5 leopard geckos
  26 orcs
  5 ball pythons
  4 giant cockroaches
  14 goblins
  9 hobgoblins
  4 quokkas
  9 bats
  6 frilled lizards
  9 gnoll skeletons (Ossuary)
  9 kobolds
  5 kobold skeletons (Ossuary)
  A leopard gecko skeleton (D:4)
  11 orc skeletons (Ossuary)
  6 rats
233 creatures vanquished.

Notes
Turn   | Place    | Note
-------+----------+-------------------------------------------
     0 | D:1      | Fang the Gargoyle Berserker began the quest for the Orb.
     0 | D:1      | Reached XP level 1. HP: 14/14 MP: 1/1
   145 | D:1      | Reached XP level 2. HP: 2/19 MP: 2/2
   446 | D:1      | Reached XP level 3. HP: 19/23 MP: 3/3
   951 | D:2      | Found a sacrificial altar of Ru.
   953 | D:2      | Found a white marble altar of Elyvilon.
  1006 | D:2      | Reached ** piety under Trog
  1017 | D:2      | Reached XP level 4. HP: 13/29 MP: 4/4
  1598 | D:2      | Found a snail-covered altar of Cheibriados.
  1828 | D:3      | Found a runed translucent door.
  1829 | D:3      | Noticed Crazy Yiuf
  2006 | D:3      | Reached XP level 5. HP: 31/33 MP: 5/5
  2212 | D:3      | Found a faded altar of an unknown god.
  2235 | D:3      | Found an opulent altar of Gozag.
  2432 | D:3      | Killed Crazy Yiuf
  2555 | D:4      | Reached *** piety under Trog
  2821 | D:4      | Reached XP level 6. HP: 34/39 MP: 6/6
  3888 | D:5      | Entered Level 5 of the Dungeon
  3910 | D:5      | Reached skill level 5 in Fighting
  3912 | D:5      | Reached XP level 7. HP: 30/44 MP: 4/7
  4192 | D:5      | Found a radiant altar of Vehumet.
  4358 | D:5      | Found a staircase to the Ecumenical Temple.
  4400 | D:5      | Reached skill level 5 in Armour
  4402 | Temple   | Entered the Ecumenical Temple
  4508 | D:5      | Reached XP level 8. HP: 51/51 MP: 8/8
  4869 | D:6      | Reached skill level 5 in Axes
  4876 | D:6      | Reached **** piety under Trog
  4988 | D:6      | Received a gift from Trog
  5043 | D:6      | Noticed a hippogriff
  5044 | D:6      | Noticed Blork the orc
  5063 | D:5      | Killed a hippogriff
  5071 | D:5      | Killed Blork the orc
  5071 | D:5      | Reached XP level 9. HP: 4/56 MP: 1/9
  5352 | D:6      | Reached skill level 5 in Dodging
  5513 | D:6      | Found a hazy altar of Hepliaklqana.
  5513 | D:6      | Noticed Dowan
  5513 | D:6      | Noticed Grinder
  5516 | D:6      | Noticed Duvessa
  5535 | D:6      | Killed Duvessa
  5537 | D:6      | Killed Dowan
  5548 | D:6      | Paralysed by Grinder for 7 turns
  5556 | D:6      | Killed Grinder
  5992 | D:6      | Reached skill level 1 in Shields
  6153 | D:7      | Found a flagged portal.
  6178 | Bailey   | Entered a bailey
  6178 | Bailey   | Noticed an orc knight
  6178 | Bailey   | Noticed an orc knight
  6737 | D:8      | Reached XP level 10. HP: 61/64 MP: 10/10
  6910 | D:8      | Found a sand-covered staircase.
  6927 | Ossuary  | Entered an ossuary
  7426 | D:8      | Found a glowing golden altar of the Shining One.
  7428 | D:8      | Noticed an angel
  7431 | D:8      | Found a basalt altar of Yredelemnul.
  7434 | D:8      | Noticed a profane servitor
  7587 | D:8      | Noticed Erica
  7615 | D:8      | Slain by Erica

Levels and vault maps discovered:
D:1:      scummos_arrival_simple_fountains, layout_basic, serial_glass,
          glass_columns_c, glass_columns_a, glass_columns_b, glass_columns_a,
          glass_columns_a, glass_columns_a
D:2:      layout_basic, marbit_many_paths, grunt_temple_overflow_open,
          guppyfry_early_orc_mine
D:3:      layout_basic, grunt_gozag_breadcrumbs,
          chequers_ecumenical_altar_simple_redux, minmay_bisected,
          uniq_crazy_yiuf_cottage
D:4:      layout_layer_cave, first_ration
D:5:      layout_basic, nicolae_overflow_hidden_temple,
          minmay_temple_entry_wispy
D:6:      layout_loops_cross, old_standard_altar, uniq_duvessa,
          uniq_blork_the_orc, uniq_grinder
D:7:      layout_basic, enter_bailey_3
D:8:      layout_basic, grunt_temple_overflow_holy_war, david_lair_shrubbed,
          enter_ossuary_5, uniq_erica
Temple:   eino_narrow_crystal_temple

Skill      XL: |  1  2  3  4  5  6  7  8  9 10 |
---------------+-------------------------------+-----
Axes           | 3 4 5 6 7 |  7.1
Dodging        | 2 3 4 5 6 |  6.2
Armour         | 3 4 5 6 7 8 |  8.1
Fighting       | 4 5 6 8 |  8.5
Shields        | 2 3 |  3.4

Action                   |  1- 3 |  4- 6 |  7- 9 | 10-12 || total
-------------------------+-------+-------+-------+-------++-------
Melee: Hand axe          |   130 |    75 |       |       ||   205
       War axe           |       |   166 |   531 |   141 ||   838
       Unarmed           |       |       |       |    16 ||    16
Invok: Berserk           |     1 |     4 |     3 |     1 ||     9
       Trog's Hand       |       |       |     3 |       ||     3
 Stab: Sleeping          |       |     1 |       |       ||     1
  Eat: Chunk             |     1 |    14 |    11 |     2 ||    28
       Ration            |       |       |     1 |       ||     1
Armor: Animal skin       |    44 |    54 |       |       ||    98
       Chain mail        |       |    82 |   425 |       ||   507
       Plate armour      |       |       |    67 |    87 ||   154
Dodge: Dodged            |    83 |   155 |   217 |    55 ||   510
Block: Shield            |       |    77 |   260 |    70 ||   407
